[Event "Live Chess"]
[Site "Chess.com"]
[Date "2020.04.04"]
[Round "?"]
[White "Bitoon, Richard"]
[Black "Moore, Michael"]
[Result "1-0"]
[WhiteElo "2496"]
[BlackElo "1950"]
[PlyCount "57"]
[EventDate "2020.??.??"]
[TimeControl "5400+30"]

1. e4 c5 2. Nf3 d6 3. d4 cxd4 4. Nxd4 Nf6 5. Nc3 a6 6. Bg5 Nbd7 7. Qf3 e6 8.
O-O-O Be7 9. h4 h6 10. Be3 g6 11. Be2 Qc7 12. g4 h5 13. gxh5 Nxh5 14. Bg5 Bf8
15. Kb1 Bg7 16. Ndb5 axb5 17. Nxb5 Qc6 18. Nxd6+ Qxd6 19. Rxd6 Ra4 20. Bb5 Rb4
21. Bxd7+ Bxd7 22. c3 Rc4 23. Rxd7 Kxd7 24. Qd3+ Rd4 25. cxd4 Ra8 26. Qb5+ Kc7
27. Rc1+ Kb8 28. Be3 Nf6 29. Bf4+ {STARMATEcc won by resignation} 1-0

[Event "Live Chess"]
[Site "Chess.com"]
[Date "2020.04.04"]
[Round "?"]
[White "Turner, Jesse"]
[Black "Bitoon, Richard"]
[Result "0-1"]
[WhiteElo "2012"]
[BlackElo "2496"]
[PlyCount "56"]
[EventDate "2020.??.??"]
[TimeControl "5400+30"]

1. d4 Nf6 2. Nf3 e6 3. g3 b6 4. Bg2 Bb7 5. O-O c5 6. dxc5 bxc5 7. c4 Be7 8. Nc3
O-O 9. Bf4 d6 10. Qc2 Nc6 11. a3 h6 12. Rad1 Qb8 13. e4 Nd4 14. Qd2 e5 15. Be3
a5 16. Nh4 Re8 17. f4 Ng4 18. Bxd4 cxd4 19. Nd5 Bxd5 20. exd5 Bxh4 21. gxh4 Ne3
22. fxe5 Rxe5 23. Qxd4 Nxf1 24. Rxf1 Ra7 25. b4 axb4 26. axb4 Ra2 27. c5 Ree2
28. Bh3 dxc5 {STARMATEcc won by resignation} 0-1

[Event "Live Chess"]
[Site "Chess.com"]
[Date "2020.04.04"]
[Round "?"]
[White "Bitoon, Richard"]
[Black "Huang, Patrick"]
[Result "1-0"]
[WhiteElo "2496"]
[BlackElo "2046"]
[PlyCount "45"]
[EventDate "2020.??.??"]
[TimeControl "5400+30"]

1. e4 g6 2. d4 Bg7 3. Nf3 d6 4. Bc4 Nf6 5. Qe2 O-O 6. O-O c6 7. Nbd2 Nxe4 8.
Bxf7+ Rxf7 9. Nxe4 h6 10. h3 Qf8 11. c3 Bxh3 12. Nfg5 hxg5 13. gxh3 Bf6 14. Qg4
Rh7 15. Bxg5 d5 16. Nc5 Bxg5 17. Ne6 Qf6 18. Nxg5 Rh5 19. f4 Na6 20. Rae1 Rd8
21. Re6 Qg7 22. Rfe1 Re8 23. f5 {STARMATEcc won by resignation} 1-0

[Event "Live Chess"]
[Site "Chess.com"]
[Date "2020.04.05"]
[Round "?"]
[White "Mahajan, Rushaan"]
[Black "Bitoon, Richard"]
[Result "1/2-1/2"]
[WhiteElo "2179"]
[BlackElo "2496"]
[PlyCount "34"]
[EventDate "2020.??.??"]
[TimeControl "5400+30"]

1. e4 c5 2. Nf3 b6 3. c4 Bb7 4. Nc3 e6 5. d4 cxd4 6. Nxd4 a6 7. Be3 Qc7 8. Be2
Nf6 9. f3 Bd6 10. Qd2 Bc5 11. O-O O-O 12. Rab1 d5 13. exd5 exd5 14. cxd5 Bxd5
15. Nxd5 Nxd5 16. Bf2 Rd8 17. Rfd1 Nd7 {Game drawn by agreement} 1/2-1/2

[Event "Live Chess"]
[Site "Chess.com"]
[Date "2020.04.05"]
[Round "?"]
[White "Bitoon, Richard"]
[Black "Kaufman, Raymond"]
[Result "0-1"]
[WhiteElo "2496"]
[BlackElo "2362"]
[PlyCount "59"]
[EventDate "2020.??.??"]
[TimeControl "5400+30"]

1. e4 c5 2. Nf3 d6 3. d4 cxd4 4. Nxd4 Nf6 5. Nc3 a6 6. Bg5 e6 7. Qf3 Be7 8.
O-O-O Nbd7 9. h4 Qc7 10. Be2 b5 11. a3 Bb7 12. Qg3 Rc8 13. Rhe1 Qb8 14. f4 h6
15. Bxf6 Bxf6 16. e5 dxe5 17. Nxe6 fxe6 18. Qg6+ Ke7 19. Rxd7+ Kxd7 20. Qf7+
Kc6 21. fxe5 Kb6 22. Bg4 Ka7 23. exf6 Qf4+ 24. Kb1 Qxg4 25. Rxe6 Rhf8 26. Qd7
Qxg2 27. fxg7 Qf1+ 28. Ka2 Qc4+ 29. Ka1 Rf1+ 30. Nd1 {Mimsychess won by
resignation} 0-1

[Event "Live Chess"]
[Site "Chess.com"]
[Date "2020.04.05"]
[Round "?"]
[White "Tien, Sophie"]
[Black "Bitoon, Richard"]
[Result "0-1"]
[WhiteElo "1890"]
[BlackElo "2496"]
[PlyCount "68"]
[EventDate "2020.??.??"]
[TimeControl "5400+30"]

1. e4 c5 2. Nf3 b6 3. d4 cxd4 4. Nxd4 Bb7 5. Bd3 e6 6. O-O a6 7. Nc3 Qc7 8. Qe2
Bc5 9. Be3 Nf6 10. Kh1 O-O 11. Rae1 d6 12. f4 Nbd7 13. Bg1 Rfd8 14. a3 Nf8 15.
e5 dxe5 16. fxe5 Bxd4 17. Bxd4 Rxd4 18. exf6 Rh4 19. Qe5 Qxe5 20. Rxe5 Ng6 21.
Ree1 gxf6 22. Be4 Bxe4 23. Nxe4 f5 24. Nc3 Rd8 25. Rd1 Rb8 26. Rfe1 b5 27. Kg1
a5 28. b3 Kg7 29. Rd7 b4 30. axb4 axb4 31. Na4 Rc8 32. Rxe6 Nf8 33. Ree7 Nxd7
34. Rxd7 Rxc2 {STARMATEcc won by resignation} 0-1

[Event "Live Chess"]
[Site "Chess.com"]
[Date "2020.04.04"]
[Round "?"]
[White "Roberts, Theodore "]
[Black "Tarjan, James"]
[Result "0-1"]
[WhiteElo "1934"]
[BlackElo "2469"]
[PlyCount "76"]
[EventDate "2020.??.??"]
[TimeControl "5400+30"]

1. e4 g6 2. d4 Bg7 3. f4 d6 4. Nf3 c5 5. c3 cxd4 6. cxd4 Nf6 7. Nc3 O-O 8. Bc4
Nxe4 9. Bxf7+ Rxf7 10. Nxe4 Nc6 11. O-O d5 12. Neg5 Rf8 13. Ne5 Qb6 14. Ngf3
Bxe5 15. fxe5 Bg4 16. Be3 Nxe5 17. Kh1 Bxf3 18. gxf3 Nc6 19. Qd2 Qb4 20. Qf2
Rf5 21. a3 Qd6 22. Rae1 Raf8 23. Kg2 g5 24. h3 R8f7 25. Qd2 Qf6 26. Qd1 e6 27.
Rf2 Ne7 28. Ref1 Ng6 29. Kg3 Qe7 30. Qd2 Qd6+ 31. f4 h5 32. Qc1 gxf4+ 33. Bxf4
h4+ 34. Kg4 Nxf4 35. Rxf4 Rg7+ 36. Kf3 Rxf4+ 37. Qxf4 Qxf4+ 38. Kxf4 Rf7+ {
Tirantes won by resignation} 0-1

[Event "Live Chess"]
[Site "Chess.com"]
[Date "2020.04.04"]
[Round "?"]
[White "Tarjan, James"]
[Black "Razmov, Valentin"]
[Result "1/2-1/2"]
[WhiteElo "2469"]
[BlackElo "1986"]
[PlyCount "41"]
[EventDate "2020.??.??"]
[TimeControl "5400+30"]

1. c4 Nf6 2. g3 c6 3. Nf3 d5 4. Bg2 Bg4 5. Ne5 Bf5 6. cxd5 cxd5 7. Nc3 Nc6 8.
Nxc6 bxc6 9. O-O e5 10. d3 Bc5 11. Bg5 h6 12. Bxf6 Qxf6 13. Rc1 Qd6 14. e4 Be6
15. exd5 cxd5 16. d4 exd4 17. Nb5 Qb6 18. Nc7+ Qxc7 19. b4 O-O 20. Rxc5 Qb6 21.
Qxd4 {Game drawn by agreement} 1/2-1/2

[Event "Live Chess"]
[Site "Chess.com"]
[Date "2020.04.05"]
[Round "?"]
[White "Tien, Sophie"]
[Black "Tarjan, James"]
[Result "0-1"]
[WhiteElo "1890"]
[BlackElo "2469"]
[PlyCount "68"]
[EventDate "2020.??.??"]
[TimeControl "5400+30"]

1. e4 g6 2. d4 Bg7 3. Nc3 d6 4. f4 a6 5. Nf3 b5 6. Bd3 Nd7 7. O-O c5 8. Be3
cxd4 9. Nxd4 Bb7 10. a3 Ngf6 11. Nb3 Rc8 12. Rb1 O-O 13. Qf3 e5 14. f5 d5 15.
Nxd5 Nxd5 16. exd5 Nf6 17. fxg6 hxg6 18. Bg5 Qb6+ 19. Be3 Qd6 20. Rbd1 Bxd5 21.
Qg3 Qc6 22. h3 Ne4 23. Qh4 f5 24. Bh6 Bf6 25. Qe1 Rf7 26. Nd2 Nc5 27. Qg3 Kh7
28. Bg5 Bg7 29. Rf2 Ne6 30. Nb1 Nxg5 31. Qxg5 Bh6 32. Qg3 Bf4 33. Qh4+ Kg7 34.
Kf1 Rh8 {Tirantes won by resignation} 0-1

[Event "Live Chess"]
[Site "Chess.com"]
[Date "2020.04.05"]
[Round "?"]
[White "Tarjan, James"]
[Black "Jiang, Brandon"]
[Result "1-0"]
[WhiteElo "2469"]
[BlackElo "2110"]
[PlyCount "65"]
[EventDate "2020.??.??"]
[TimeControl "5400+30"]

1. Nf3 f5 2. d4 Nf6 3. Bf4 e6 4. e3 Be7 5. h3 b6 6. Be2 Bb7 7. O-O O-O 8. c4
Ne4 9. Nfd2 d6 10. Nxe4 Bxe4 11. Nc3 Bb7 12. c5 Nd7 13. Qb3 Rf6 14. Bc4 Nf8 15.
d5 Rg6 16. e4 fxe4 17. dxe6 Kh8 18. Rad1 e3 19. f3 Bg5 20. Ne2 Qf6 21. Qxe3 d5
22. Bxd5 Bxd5 23. Rxd5 Nxe6 24. Bxg5 Rxg5 25. Rxg5 Nxg5 26. Rd1 h6 27. Nc3 Rf8
28. Rd7 bxc5 29. Qe7 Ne6 30. Qxf6 Rxf6 31. Nd5 Rf5 32. Kf2 Kg8 33. Ne7+ {
Tirantes won by resignation} 1-0

[Event "Live Chess"]
[Site "Chess.com"]
[Date "2020.04.04"]
[Round "?"]
[White "Chang, Eddie"]
[Black "Kaufman, Raymond"]
[Result "1/2-1/2"]
[WhiteElo "1887"]
[BlackElo "2362"]
[PlyCount "130"]
[EventDate "2020.??.??"]
[TimeControl "5400+30"]

1. d4 Nf6 2. c4 g6 3. Nc3 Bg7 4. e4 d6 5. Nge2 O-O 6. Ng3 Nc6 7. d5 Ne5 8. Be2
c6 9. O-O h5 10. h4 Neg4 11. Bg5 Nh7 12. Bf4 e5 13. dxe6 Bxe6 14. Bxd6 Qxh4 15.
Bxg4 Bxg4 16. Qc1 Rfe8 17. Qf4 Rad8 18. e5 g5 19. Nf5 gxf4 20. Nxh4 Bxe5 21.
Bxe5 Rxe5 22. f3 Be6 23. Rad1 Rxd1 24. Rxd1 Bxc4 25. Rd4 Re1+ 26. Kh2 Be6 27.
Rxf4 b5 28. a4 a6 29. axb5 cxb5 30. Ne4 a5 31. Nd6 b4 32. Nb7 Rb1 33. Nxa5 Rxb2
34. Nc6 b3 35. Nd4 Rxg2+ 36. Nxg2 b2 37. Nxe6 b1=Q 38. Nd4 Qb8 39. Kh3 Qe5 40.
Nf5 Nf6 41. Ng3 Kh7 42. Rf5 Qa1 43. Nf4 Qc3 44. Nfxh5 Nxh5 45. Rxh5+ Kg6 46.
Rg5+ Kh6 47. Rh5+ Kg7 48. Kg4 f6 49. Nf5+ Kg8 50. Ng3 Qd3 51. Ne4 Kg7 52. Rf5
Qf1 53. Rxf6 Qg2+ 54. Kf4 Qh2+ 55. Ke3 Qg1+ 56. Kd3 Qd1+ 57. Ke3 Qe1+ 58. Kf4
Qh4+ 59. Ke5 Qh2+ 60. Kf5 Qh7+ 61. Kg5 Qh1 62. Rg6+ Kf8 63. Rf6+ Kg7 64. Rg6+
Kf8 65. Rf6+ Kg7 {Game drawn by repetition} 1/2-1/2

[Event "Live Chess"]
[Site "Chess.com"]
[Date "2020.04.04"]
[Round "?"]
[White "Kaufman, Raymond"]
[Black "Nallabothula, Varin"]
[Result "1-0"]
[WhiteElo "2362"]
[BlackElo "1293"]
[PlyCount "113"]
[EventDate "2020.??.??"]
[TimeControl "5400+30"]

1. e4 e5 2. Nf3 Nf6 3. Nxe5 d6 4. Nf3 Nxe4 5. Nc3 Nxc3 6. dxc3 Be7 7. Be3 Nc6
8. Qd2 O-O 9. O-O-O Ne5 10. Kb1 Be6 11. Nd4 a6 12. Nxe6 fxe6 13. Be2 Ng6 14.
Bg4 e5 15. Qd5+ Kh8 16. Qxb7 Qb8 17. Bf3 Qxb7 18. Bxb7 Rab8 19. Bxa6 Nf4 20. g3
Nh3 21. Rhf1 Bg5 22. Bxg5 Nxg5 23. Bd3 Nf3 24. Kc1 Nxh2 25. Rh1 Rxf2 26. Rd2
Rxd2 27. Kxd2 Nf3+ 28. Ke3 Ng5 29. b4 Kg8 30. Rf1 g6 31. Bc4+ Kg7 32. Bd5 Rb6
33. a4 Ra6 34. Bb3 c6 35. c4 Rb6 36. b5 c5 37. a5 Rb8 38. a6 Ra8 39. Ra1 Ne6
40. b6 Nd8 41. b7 Nxb7 42. axb7 Rb8 43. Ra7 h5 44. Ba4 g5 45. Bc6 h4 46. gxh4
gxh4 47. Ra8 h3 48. Rxb8 h2 49. Bh1 d5 50. cxd5 e4 51. Kxe4 c4 52. Rc8 c3 53.
Rxc3 Kf7 54. Rc6 Ke7 55. b8=Q Kd7 56. Qb7+ Kd8 57. Rc8# {Mimsychess won by
checkmate} 1-0

[Event "Live Chess"]
[Site "Chess.com"]
[Date "2020.04.04"]
[Round "?"]
[White "Vijayakumar, Advaith"]
[Black "Kaufman, Raymond"]
[Result "1/2-1/2"]
[WhiteElo "2026"]
[BlackElo "2362"]
[PlyCount "71"]
[EventDate "2020.??.??"]
[TimeControl "5400+30"]

1. d4 Nf6 2. c4 g6 3. g3 Bg7 4. Bg2 O-O 5. Nf3 d6 6. O-O c6 7. Nc3 Qb6 8. b3
Bf5 9. Bb2 d5 10. cxd5 cxd5 11. Ne5 Nc6 12. Nxc6 bxc6 13. Rc1 Nd7 14. Na4 Qa6
15. e4 Bxe4 16. Bxe4 dxe4 17. Qc2 f5 18. Qxc6 Qxc6 19. Rxc6 Nf6 20. Rfc1 Nd5
21. a3 e3 22. fxe3 Bh6 23. Re1 Bxe3+ 24. Kh1 f4 25. gxf4 Rxf4 26. Nc3 Rxd4 27.
Nxd5 Rxd5 28. Rxe3 Rd1+ 29. Kg2 Rd2+ 30. Kg3 Rxb2 31. Rxe7 Rxb3+ 32. Kg4 Rxa3
33. Rcc7 Ra4+ 34. Kg3 Ra3+ 35. Kg4 Ra4+ 36. Kg3 {Game drawn by agreement}
1/2-1/2

[Event "Live Chess"]
[Site "Chess.com"]
[Date "2020.04.05"]
[Round "?"]
[White "Kaufman, Raymond"]
[Black "Vega, Isaac"]
[Result "1-0"]
[WhiteElo "2362"]
[BlackElo "1972"]
[PlyCount "41"]
[EventDate "2020.??.??"]
[TimeControl "5400+30"]

1. e4 c5 2. Nf3 e6 3. d4 cxd4 4. Nxd4 a6 5. Nc3 Qc7 6. Bd3 Nf6 7. O-O Be7 8.
Kh1 b5 9. f4 d6 10. e5 dxe5 11. fxe5 Qxe5 12. Bf4 Qc5 13. Qf3 Nd5 14. Nxd5 exd5
15. Bxb8 O-O 16. Be5 f6 17. Qh5 g6 18. Bxg6 hxg6 19. Qxg6+ Kh8 20. Nf5 Bxf5 21.
Rxf5 {Mimsychess won by resignation} 1-0

[Event "Live Chess"]
[Site "Chess.com"]
[Date "2020.04.05"]
[Round "?"]
[White "Mahajan, Rushaan"]
[Black "Kaufman, Raymond"]
[Result "1/2-1/2"]
[WhiteElo "2179"]
[BlackElo "2362"]
[PlyCount "49"]
[EventDate "2020.??.??"]
[TimeControl "5400+30"]

1. Nf3 d5 2. d4 Nf6 3. Bf4 e6 4. e3 Bd6 5. c3 Bxf4 6. exf4 O-O 7. Nbd2 c5 8. g3
cxd4 9. Nxd4 Nc6 10. N2f3 Re8 11. Bb5 Bd7 12. O-O Nxd4 13. Nxd4 Bxb5 14. Nxb5
e5 15. fxe5 Rxe5 16. Nd4 Qd7 17. Re1 Rae8 18. Rxe5 Rxe5 19. Qf1 Qe7 20. Nf3 Re4
21. Re1 h5 22. Rxe4 Qxe4 23. Nd4 h4 24. a3 Ng4 25. Qe2 {Game drawn by agreement
} 1/2-1/2

[Event "Live Chess"]
[Site "Chess.com"]
[Date "2020.04.04"]
[Round "?"]
[White "Mahajan, Rushaan"]
[Black "Qian, Daniel"]
[Result "1-0"]
[WhiteElo "2179"]
[BlackElo "1886"]
[PlyCount "66"]
[EventDate "2020.??.??"]
[TimeControl "5400+30"]

1. Nf3 d5 2. g3 Nf6 3. Bg2 c6 4. O-O Nbd7 5. d4 e6 6. c4 Bd6 7. b3 O-O 8. Bb2
Re8 9. Nbd2 e5 10. cxd5 Nxd5 11. Nc4 Bc7 12. Nfxe5 Nxe5 13. Nxe5 Bxe5 14. dxe5
Be6 15. Qd4 Nc7 16. Qb4 Qc8 17. Rad1 a5 18. Qh4 a4 19. bxa4 Bxa2 20. Be4 g6 21.
Bc2 Qe6 22. Rd4 Bb3 23. Bxb3 Qxb3 24. Rb4 Qe6 25. Rxb7 Reb8 26. Qb4 Qc8 27.
Rxb8 Qxb8 28. Qc3 Ne6 29. Qxc6 Ra5 30. Ba1 Qb3 31. Qf3 Qxa4 32. Bc3 Rc5 33. Ra1
Rc4 {warmoatmeal won by resignation} 1-0

[Event "Live Chess"]
[Site "Chess.com"]
[Date "2020.04.04"]
[Round "?"]
[White "Chen, Minda"]
[Black "Mahajan, Rushaan"]
[Result "1/2-1/2"]
[WhiteElo "1966"]
[BlackElo "2179"]
[PlyCount "40"]
[EventDate "2020.??.??"]
[TimeControl "5400+30"]

1. d4 Nf6 2. c4 e6 3. Nc3 Bb4 4. Qc2 c5 5. dxc5 Na6 6. a3 Bxc3+ 7. Qxc3 Nxc5 8.
Nf3 b6 9. g3 Bb7 10. Bg2 h6 11. O-O O-O 12. Rd1 Qe7 13. b4 Nce4 14. Qb3 Rac8
15. Nd2 d5 16. Nxe4 Nxe4 17. Bxe4 dxe4 18. Be3 f5 19. c5 b5 20. c6 Rxc6 {
Game drawn by agreement} 1/2-1/2

[Event "Live Chess"]
[Site "Chess.com"]
[Date "2020.04.04"]
[Round "?"]
[White "Goktepe, Derin"]
[Black "Mahajan, Rushaan"]
[Result "0-1"]
[WhiteElo "1912"]
[BlackElo "2179"]
[PlyCount "56"]
[EventDate "2020.??.??"]
[TimeControl "5400+30"]

1. d4 Nf6 2. c4 e6 3. Nc3 Bb4 4. e3 c5 5. Bd3 cxd4 6. exd4 d5 7. cxd5 Nxd5 8.
Nge2 Nc6 9. O-O Nce7 10. a3 Bd6 11. Ng3 Bd7 12. Nge4 Bc6 13. Nxd6+ Qxd6 14. Ne4
Qc7 15. b4 Nf6 16. f3 Rd8 17. Bb2 Qb6 18. Kh1 Ned5 19. Nc5 Ne3 20. Qe2 Nxf1 21.
Rxf1 Bd5 22. Bb5+ Bc6 23. Bxc6+ Qxc6 24. b5 Qd5 25. Qe5 b6 26. Nd3 Qb3 27. Qe2
Qxb5 28. Re1 O-O {warmoatmeal won by resignation} 0-1

[Event "Live Chess"]
[Site "Chess.com"]
[Date "2020.04.05"]
[Round "?"]
[White "Vijayakumar, Advaith"]
[Black "Mahajan, Rushaan"]
[Result "0-1"]
[WhiteElo "2026"]
[BlackElo "2179"]
[PlyCount "150"]
[EventDate "2020.??.??"]
[TimeControl "5400+30"]

1. d4 Nf6 2. c4 e6 3. Nf3 d5 4. Bg5 h6 5. Bxf6 Qxf6 6. e3 Bb4+ 7. Nbd2 c6 8. a3
Ba5 9. Bd3 Nd7 10. O-O O-O 11. e4 dxe4 12. Nxe4 Qe7 13. b4 Bc7 14. Re1 Nf6 15.
Qe2 Bd7 16. Nxf6+ Qxf6 17. Qe4 g6 18. Ne5 Rad8 19. Re3 Be8 20. Rh3 Qg7 21. Qe3
h5 22. Be2 f6 23. Nd3 Bf7 24. Rd1 Rfe8 25. Nf4 e5 26. dxe5 Rxd1+ 27. Bxd1 Rxe5
28. Qc3 Re4 29. Nd3 f5 30. Qxg7+ Kxg7 31. c5 Bc4 32. Bc2 Re2 33. Bb1 Rd2 34.
Re3 Bf4 35. Re1 Bxd3 36. Bxd3 Rxd3 37. g3 Bg5 38. Kg2 Rxa3 39. Rd1 b6 40. Rd7+
Kh6 41. h4 Bf6 42. Rd6 Be7 43. Rxc6 bxc5 44. bxc5 Rc3 45. Rc7 Bxc5 46. Rc6 a5
47. Ra6 Bb4 48. f3 Rc2+ 49. Kh3 Ra2 50. Ra7 a4 51. Rb7 Rb2 52. g4 fxg4+ 53.
fxg4 Rb3+ 54. Kg2 hxg4 55. Kf1 a3 56. Ke2 a2 57. Ra7 Bc3 58. Kd3 a1=Q 59. Rxa1
Bxa1+ 60. Kc2 Rb8 61. h5 gxh5 62. Kd3 h4 63. Kc2 g3 64. Kd3 h3 65. Kc2 g2 66.
Kd3 g1=Q 67. Kc2 h2 68. Kd2 h1=B 69. Kc2 Be4+ 70. Kd2 Qf2+ 71. Kd1 Qd2+ 72.
Kxd2 Bd4 73. Kc1 Kg5 74. Kd2 Kf4 75. Kc1 Ke3 {warmoatmeal won by resignation}
0-1

[Event "Live Chess"]
[Site "Chess.com"]
[Date "2020.04.04"]
[Round "?"]
[White "yucheng11"]
[Black "Shubin, Daniel"]
[Result "1/2-1/2"]
[WhiteElo "1543"]
[BlackElo "2161"]
[PlyCount "78"]
[EventDate "2020.??.??"]
[TimeControl "5400+30"]

1. d4 d5 2. c4 e6 3. Nc3 Nf6 4. Bg5 Nbd7 5. Nf3 c6 6. e3 Qa5 7. Bxf6 Nxf6 8.
Rc1 Bb4 9. Qb3 O-O 10. a3 Bxc3+ 11. Qxc3 Qxc3+ 12. Rxc3 Ne4 13. Rc1 f6 14. Nd2
Nd6 15. f3 Rd8 16. c5 Nf7 17. Bd3 e5 18. O-O Nh6 19. dxe5 fxe5 20. e4 Be6 21.
exd5 Rxd5 22. Bc4 Rxd2 23. Bxe6+ Kf8 24. Rf2 Rxf2 25. Kxf2 Ke7 26. Bc4 Rd8 27.
Re1 Kf6 28. g4 Rd4 29. Ba2 Rd2+ 30. Re2 Rxe2+ 31. Kxe2 Nf7 32. Bxf7 Kxf7 33.
Ke3 Ke6 34. Ke4 g5 35. h3 b6 36. cxb6 axb6 37. b3 c5 38. a4 h6 39. Kd3 Kd5 {
Game drawn by agreement} 1/2-1/2

[Event "Live Chess"]
[Site "Chess.com"]
[Date "2020.04.04"]
[Round "?"]
[White "Shubin, Daniel"]
[Black "Goktepe, Derin"]
[Result "0-1"]
[WhiteElo "2161"]
[BlackElo "1912"]
[PlyCount "64"]
[EventDate "2020.??.??"]
[TimeControl "5400+30"]

1. e4 e5 2. Nf3 Nc6 3. Bc4 Nf6 4. Ng5 d5 5. exd5 b5 6. dxc6 bxc4 7. Qe2 Qd5 8.
O-O Bd6 9. Nc3 Qxc6 10. Nce4 Nxe4 11. Nxe4 Bb7 12. Re1 O-O 13. f3 f5 14. Nc3
Rae8 15. b3 cxb3 16. axb3 Bc5+ 17. Kh1 e4 18. fxe4 fxe4 19. Bb2 Rf2 20. Qg4 Bd4
21. Rf1 e3 22. Rg1 Rxd2 23. Raf1 e2 24. Nxe2 Bxb2 25. Qf4 Rdd8 26. Qf7+ Kh8 27.
Nf4 Rf8 28. Qe7 Bf6 29. Qe2 Rde8 30. Qh5 Kg8 31. Re1 Rxe1 32. Rxe1 Bc3 {
dgwizard won by resignation} 0-1

[Event "Live Chess"]
[Site "Chess.com"]
[Date "2020.04.05"]
[Round "?"]
[White "Roberts, Theodore "]
[Black "Shubin, Daniel"]
[Result "1-0"]
[WhiteElo "1934"]
[BlackElo "2161"]
[PlyCount "79"]
[EventDate "2020.??.??"]
[TimeControl "5400+30"]

1. e4 e6 2. d4 d5 3. exd5 exd5 4. c4 Nf6 5. Nc3 dxc4 6. Bxc4 Bd6 7. Nge2 O-O 8.
O-O Nc6 9. h3 a6 10. Bg5 Bf5 11. Nd5 Na5 12. Bd3 Bg6 13. Nxf6+ gxf6 14. Be3 Re8
15. Nc3 Nc6 16. a3 f5 17. Qf3 Qd7 18. Rad1 Ne7 19. h4 h5 20. Bb1 c6 21. Ba2 Qc7
22. Ne2 Rad8 23. Nf4 Bxf4 24. Bxf4 Qb6 25. Qg3 Qxb2 26. Rd2 Qb5 27. Qg5 Nd5 28.
Be5 Qa5 29. Qh6 Rxe5 30. dxe5 Qxa3 31. Rfd1 Qc5 32. Qg5 Rd7 33. e6 Rd6 34.
exf7+ Kxf7 35. Re1 Kg7 36. Rde2 Rf6 37. Re6 Qf8 38. Bxd5 cxd5 39. Rxf6 Qxf6 40.
Re7+ {tmr68rocks won by resignation} 1-0

[Event "Live Chess"]
[Site "Chess.com"]
[Date "2020.04.05"]
[Round "?"]
[White "Shubin, Daniel"]
[Black "Chang, Eddie"]
[Result "1-0"]
[WhiteElo "2161"]
[BlackElo "1887"]
[PlyCount "71"]
[EventDate "2020.??.??"]
[TimeControl "5400+30"]

1. e4 c5 2. Nf3 Nc6 3. d4 cxd4 4. Nxd4 Nf6 5. Nc3 d6 6. Bg5 Bd7 7. Be2 Rc8 8.
O-O Nxd4 9. Qxd4 Qa5 10. Be3 a6 11. h3 e6 12. f4 Bc6 13. Rad1 Be7 14. e5 dxe5
15. fxe5 Nd7 16. Qf4 O-O 17. Qg3 Bc5 18. Rd3 Bxe3+ 19. Rxe3 Nc5 20. Rf4 Na4 21.
Rg4 g6 22. Nxa4 Bxa4 23. b3 Be8 24. Bd3 Qxa2 25. Qf4 f5 26. exf6 Qa1+ 27. Kh2
Qxf6 28. Qe4 Bc6 29. Qb4 Rcd8 30. Reg3 Kg7 31. h4 Rd5 32. Bxg6 hxg6 33. Rxg6+
Qxg6 34. Rxg6+ Kxg6 35. Qxf8 Rd2 36. Qg8+ {s-dshubin won by resignation} 1-0

[Event "Live Chess"]
[Site "Chess.com"]
[Date "2020.04.04"]
[Round "?"]
[White "Deshpande, Aryan"]
[Black "Deng, Lily"]
[Result "1-0"]
[WhiteElo "2111"]
[BlackElo "1844"]
[PlyCount "79"]
[EventDate "2020.??.??"]
[TimeControl "5400+30"]

1. Nf3 Nc6 2. d4 d5 3. Bf4 Nf6 4. e3 e6 5. c3 Bd6 6. Bd3 O-O 7. Nbd2 Qe7 8. Ne5
Bxe5 9. dxe5 Nd7 10. Nf3 f6 11. exf6 Nxf6 12. Ne5 Nxe5 13. Bxe5 c5 14. c4 b6
15. O-O Bb7 16. Qe2 Rad8 17. Rad1 g6 18. b3 Bc6 19. f3 Nd7 20. Bg3 Nf6 21. Bh4
Qf7 22. e4 Rde8 23. Bg5 Rc8 24. cxd5 exd5 25. e5 Nh5 26. e6 Qg7 27. e7 Rf7 28.
Qe6 Rc7 29. Qxc6 Rcxe7 30. Qxd5 Re5 31. Qa8+ Rf8 32. Bc4+ Kh8 33. Rd8 Ref5 34.
Rfd1 h6 35. Be6 Rxg5 36. Rxf8+ Kh7 37. Rd7 Re5 38. Bg8+ Kh8 39. Bh7+ Kxh7 40.
Rh8# {tacticz07 won by checkmate} 1-0

[Event "Live Chess"]
[Site "Chess.com"]
[Date "2020.04.04"]
[Round "?"]
[White "Tien, Sophie"]
[Black "Deshpande, Aryan"]
[Result "1/2-1/2"]
[WhiteElo "1890"]
[BlackElo "2111"]
[PlyCount "78"]
[EventDate "2020.??.??"]
[TimeControl "5400+30"]

1. e4 c6 2. d4 d5 3. Nc3 dxe4 4. Nxe4 Bf5 5. Ng3 Bg6 6. h4 h6 7. f4 e6 8. h5
Bh7 9. Nf3 Nd7 10. Bd3 Bxd3 11. Qxd3 Qc7 12. Ne5 c5 13. Be3 Ngf6 14. O-O-O Nxe5
15. fxe5 c4 16. Qe2 Nd5 17. Bd2 O-O-O 18. Ne4 b5 19. Rh3 b4 20. Rf3 Qc6 21.
Rxf7 c3 22. bxc3 bxc3 23. Bxc3 Nxc3 24. Nxc3 Ba3+ 25. Kb1 a6 26. Rf3 Rhf8 27.
Nb5 Qxb5+ 28. Qxb5 axb5 29. Rxa3 Kb7 30. Rg3 Rf7 31. Rg6 Re7 32. Rd3 Kc6 33.
Kb2 Kd5 34. Rdg3 Rdd7 35. R6g4 Rc7 36. Rb3 Rb7 37. Rc3 Rbc7 38. Rxc7 Rxc7 39.
Kb3 Rf7 {Game drawn by agreement} 1/2-1/2

[Event "Live Chess"]
[Site "Chess.com"]
[Date "2020.04.04"]
[Round "?"]
[White "Deshpande, Aryan"]
[Black "Chen, Minda"]
[Result "1/2-1/2"]
[WhiteElo "2111"]
[BlackElo "1966"]
[PlyCount "38"]
[EventDate "2020.??.??"]
[TimeControl "5400+30"]

1. Nf3 Nf6 2. g3 c5 3. Bg2 Nc6 4. d4 cxd4 5. Nxd4 g6 6. O-O Bg7 7. c4 O-O 8.
Nc3 Qb6 9. e3 d6 10. h3 Bd7 11. b3 Nxd4 12. exd4 Bc6 13. Be3 Bxg2 14. Kxg2 Qc6+
15. d5 Qd7 16. Bd4 b6 17. Qd2 Qb7 18. Kh2 a6 19. a4 Rfe8 {Game drawn by
agreement} 1/2-1/2

[Event "Live Chess"]
[Site "Chess.com"]
[Date "2020.04.05"]
[Round "?"]
[White "Szeto, Sophie"]
[Black "Deshpande, Aryan"]
[Result "0-1"]
[WhiteElo "1496"]
[BlackElo "2111"]
[PlyCount "120"]
[EventDate "2020.??.??"]
[TimeControl "5400+30"]

1. e4 c6 2. d4 d5 3. e5 Bf5 4. Nf3 e6 5. Be2 Nd7 6. O-O Ne7 7. Nbd2 h6 8. c3 c5
9. Qb3 Qc7 10. Re1 Nc6 11. Nf1 Be7 12. Be3 a6 13. Ng3 Bg6 14. Qd1 Rc8 15. Bd3
Bxd3 16. Qxd3 cxd4 17. cxd4 Nb4 18. Qd2 Nb6 19. Rec1 Nc4 20. Qe2 Qd7 21. b3
Nxe3 22. fxe3 O-O 23. a3 Rxc1+ 24. Rxc1 Nc6 25. b4 Rc8 26. Qd2 Na7 27. Ne2 Nb5
28. Qb2 Rxc1+ 29. Qxc1 Qc6 30. a4 Qxc1+ 31. Nxc1 Nc3 32. b5 Nxa4 33. bxa6 bxa6
34. Na2 Kf8 35. Kf1 Ke8 36. Ke1 Kd7 37. Kd2 Kc6 38. Kc2 Nb6 39. Nd2 Bg5 40. Kd3
Kb5 41. g3 Ka4 42. h4 Be7 43. Kc2 a5 44. Nb1 Nc4 45. Nbc3+ Ka3 46. Kd3 Kb3 47.
e4 dxe4+ 48. Kxe4 Bb4 49. Nxb4 axb4 50. Ne2 Kc2 51. d5 Nd2+ 52. Kd4 exd5 53.
Kxd5 b3 54. Kd4 b2 55. Nc3 Nf3+ 56. Kc4 Nxe5+ 57. Kd4 Nf3+ 58. Kc4 Nd2+ 59. Kd4
f5 60. h5 Nf1 {tacticz07 won by resignation} 0-1

[Event "Live Chess"]
[Site "Chess.com"]
[Date "2020.04.05"]
[Round "?"]
[White "Deshpande, Aryan"]
[Black "Jiang, Brandon"]
[Result "1/2-1/2"]
[WhiteElo "2111"]
[BlackElo "2110"]
[PlyCount "44"]
[EventDate "2020.??.??"]
[TimeControl "5400+30"]

1. d4 e6 2. Nf3 f5 3. c3 Nf6 4. Bf4 Be7 5. e3 b6 6. Nbd2 Bb7 7. Bd3 O-O 8. h3
Ne4 9. O-O d6 10. Qc2 Nxd2 11. Nxd2 Nd7 12. Bh2 Qe8 13. e4 Qh5 14. Qb3 Qg6 15.
Rae1 f4 16. Nf3 Kh8 17. Qa4 c6 18. Qc2 e5 19. Rd1 c5 20. Qa4 Rfd8 21. Rfe1 a6
22. Qb3 Rac8 {Game drawn by agreement} 1/2-1/2